 Dungeon Crawl Stone Soup version 0.25-a0-578-gc91f01c39c (webtiles) character file.

Game seed: 17416185687183775146, levelgen mode: deterministic

33 inmateoo the Insei (level 3, -3/29 HPs)
             Began as a Vampire Monk on Mar 7, 2020.
             Slain by Crazy Yiuf
             ... wielding a +4 quarterstaff of chaos
              (7 damage)
             ... on level 2 of the Dungeon.
             The game lasted 00:01:39 (1011 turns).

inmateoo the Insei (Vampire Monk)                   Turns: 1011, Time: 00:01:40

Health: -3/29      AC:  8    Str: 11    XL:     3   Next: 12%
Magic:  3/3        EV: 12    Int: 12    God:
Gold:   70         SH:  0    Dex: 16    Spells: 2/2 levels left

rFire    . . .     SeeInvis +     - Unarmed
rCold    . . .     Gourm    .   (no shield)
rNeg     . . .     Faith    .   h - +1 ring mail
rPois    .         Spirit   .   (no helmet)
rElec    .         Reflect  .   (no cloak)
rCorr    .         Harm     .   (no gloves)
MR       .....                  (no boots)
Stlth    ++........             (no amulet)
HPRegen  0.29/turn              d - +2 ring of protection
MPRegen  0.08/turn              g - ring of flight

@: lethally poisoned (-3 -> -6), regenerating quickly, lightly drained
A: no food, fangs 3, see invisible, unbreathing
a: Exsanguinate, Evoke Flight


You were on level 2 of the Dungeon.
You were alive.

You visited 1 branch of the dungeon, and saw 2 of its levels.

You collected 70 gold pieces.

Inventory:

Armour
 h - a +1 ring mail (worn)
Jewellery
 d - a +2 ring of protection (left hand)
 g - a ring of flight (right hand)
Scrolls
 a - a scroll of enchant weapon {unknown}
 b - a scroll of identify {unknown}
 c - a scroll of magic mapping
Potions
 e - a potion of mutation {unknown}
 f - a potion of curing {unknown}


   Skills:
 * Level 3.2(2.9) Fighting
 + Level 3.6(3.2) Dodging
 - Level 3.0(2.7) Stealth
 * Level 3.9(3.6) Unarmed Combat


You had 2 spell levels left.
You didn't know any spells.
Your spell library was empty.

Dungeon Overview and Level Annotations

Branches:
Dungeon (2/15)

Altars:

Annotations:
D:2 Crazy Yiuf


Innate Abilities, Weirdness & Mutations

You do not eat.
Your natural rate of healing is unusually fast.
You have razor-sharp teeth.
You have supernaturally acute eyesight. (SInv)
You can survive without breathing.


Message History

Your ring mail prevents you from hitting Crazy Yiuf.
Crazy Yiuf is almost dead.
Crazy Yiuf cries, "Walk mobile cloud!"
Crazy Yiuf hits you with a +4 quarterstaff of chaos.
You are more poisoned.
You hit Crazy Yiuf but do no damage.
Crazy Yiuf is almost dead.
You feel sick.
Crazy Yiuf hits you with a +4 quarterstaff of chaos!
You feel drained.
You are too injured to fight recklessly!
You hit Crazy Yiuf.
Crazy Yiuf is almost dead.
You feel sick.
Crazy Yiuf hits you with a +4 quarterstaff of chaos!
* * * LOW HITPOINT WARNING * * *
You hit Crazy Yiuf but do no damage.
Crazy Yiuf is almost dead.
Crazy Yiuf hits you with a +4 quarterstaff of chaos!
You die...

#..# #...##(....# #.#
##.###...######.# #.#
#..##...# #.# #.#
##.##..## ### #.#
#.##.<# #.#
#.##..####### #.#
#.##..#...#.### ###
#.#
###.###......#..##...#
#.#
............####@g...#
#.# ##......#..##
###..)# #.#
#......#### ### #.#
#......# #.# +......#
#.# ##......# ### #.#
........# #.# #.#
####.#........#
#.#########.#
#.......####
#...........#


You could see Crazy Yiuf.

Vanquished Creatures
  A dart slug (D:1)
  A ball python (D:1)
  A giant cockroach (D:2)
  7 goblins
  4 hobgoblins
  7 bats
  2 frilled lizards
  4 kobolds (D:1)
  3 rats
30 creatures vanquished.

Notes
Turn   | Place    | Note
-------+----------+-------------------------------------------
     0 | D:1      | inmateoo the Vampire Monk began the quest for the Orb.
     0 | D:1      | Reached XP level 1. HP: 17/17 MP: 1/1
   323 | D:1      | Reached XP level 2. HP: 22/23 MP: 2/2
   751 | D:2      | Reached XP level 3. HP: 29/29 MP: 3/3
   964 | D:2      | Found a runed translucent door.
   965 | D:2      | Noticed Crazy Yiuf
  1011 | D:2      | Slain by Crazy Yiuf

Levels and vault maps discovered:
D:1:      erik_arrival_triangle_medium, layout_basic
D:2:      layout_basic, serial_forest, infiniplex_forest_straight_4,
          infiniplex_forest_clump_double, infiniplex_forest_straight_4,
          infiniplex_forest_clump_double, infiniplex_forest_zigzag_1,
          infiniplex_forest_clump_double, uniq_crazy_yiuf_cottage

Skill      XL: |  1  2 |
---------------+-------+-----
Fighting       | 3 |  3.2
Dodging        | |  3.6
Stealth        | |  3.0
Unarmed Combat | |  3.9

Action                   || total
-------------------------++-------
Melee: Unarmed           ||    87
       Bite              ||    12
       Punch             ||     1
  Use: Scroll            ||     5
 Stab: Sleeping          ||     5
Armor: Robe              ||     2
       Ring mail         ||    26
Dodge: Dodged            ||    67

Table legend:
 A = Non-vault XP
 B = Vault XP
 C = Vault XP percentage of total XP
 D = Non-vault monster count
 E = Vault monster count
 F = Vault count percentage of total count
                 A         B        C        D         E       F
            +---------+---------+-------+---------+---------+-------
      Total |      48 |       0 |   0.0 |      30 |       0 |   0.0
            +---------+---------+-------+---------+---------+-------
        D:1 |      36 |       0 |   0.0 |      22 |       0 |   0.0
        D:2 |      12 |       0 |   0.0 |       8 |       0 |   0.0
            +---------+---------+-------+---------+---------+-------
